 Dungeon Crawl Stone Soup version 0.17-a0-1763-g847a857 (webtiles) character file.

255 Psiweapon the Cudgeler (level 6, 0/59 HPs)
             Began as an Ogre Hunter on Sept 4, 2015.
             Slain by a kobold (3 damage)
             ... in a sewer.
             The game lasted 00:12:58 (4586 turns).

Psiweapon the Cudgeler (Ogre Hunter)                Turns: 4586, Time: 00:12:58

Health: 0/59       AC:  2    Str: 18    XL:     6   Next: 15%
Magic:  6/6        EV: 10    Int: 10    God:
Gold:   158        SH:  0    Dex: 12    Spells: 0 memorised, 5 levels left

rFire  . . .     SeeInvis .     o - +0 flail
rCold  . . .     Clarity  .     d - +1 robe
rNeg   . . .     SustAt   .     (no shield)
rPois  .         Gourm    .     (helmet restricted)
rElec  .         Spirit   .     k - +0 cloak
rCorr  .         Warding  .     (gloves unavailable)
rMut   .         Stasis   .     (boots unavailable)
MR     .....                    (no amulet)
Stlth  +.........               (no ring)
                                n - -3 ring of protection (curse)

@: not resistant to hostile enchantments, very unstealthy
A: unfitting armour, tough skin 1
a: no special abilities


You were in a sewer.
You were hungry.

You visited 1 branch of the dungeon, and saw 4 of its levels.
You also visited: Sewer.

You collected 158 gold pieces.

Inventory:

Hand weapons
 c - a +0 short sword
 f - a +1 dagger of electrocution
 g - a +0 whip
 l - a cursed -3 quarterstaff
 o - a +0 flail (weapon)
Missiles
 a - 4 large rocks
 b - 2 throwing nets
 i - 112 stones (quivered)
 m - 4 javelins
Armour
 d - a +1 robe (worn)
 k - a +0 cloak (worn)
Jewellery
 n - a cursed -3 ring of protection (left hand)
Scrolls
 h - 3 scrolls of identify
 j - 5 scrolls of teleportation
 p - a scroll of fog {unknown}
 q - a scroll of random uselessness {unknown}
 s - a scroll of enchant weapon {unknown}
 u - a scroll of recharging {unknown}
Comestibles
 e - 2 bread rations
 r - a royal jelly
 t - a beef jerky
 v - 2 chunks of flesh


   Skills:
 - Level 2.6 Fighting
 + Level 4.8 Maces & Flails
 - Level 4.3 Throwing
 + Level 3.0 Armour
 - Level 2.5 Dodging
 - Level 0.7 Stealth


You had 5 spell levels left.
You didn't know any spells.

Dungeon Overview and Level Annotations

Branches:
Dungeon (4/15)
 Temple: D:4-7

Altars:
Dithmenos
Sif Muna


Innate Abilities, Weirdness & Mutations

You are too large for most types of armour.
You have tough skin (AC +1).


Message History

The big kobold hits you but does no damage.
The big kobold closely misses you. The kobold hits you.
* * * LOW HITPOINT WARNING * * *
You barely miss the big kobold.
The big kobold is almost dead.
The big kobold hits you with a dagger.
* * * LOW HITPOINT WARNING * * *
The big kobold barely misses you. The kobold hits you.
* * * LOW HITPOINT WARNING * * *
You barely miss the big kobold.
The big kobold is almost dead.
The big kobold barely misses you. The kobold closely misses you.
The big kobold hits you with a club.
* * * LOW HITPOINT WARNING * * *
You barely miss the big kobold.
The big kobold is almost dead.
The big kobold hits you with a dagger.
* * * LOW HITPOINT WARNING * * *
The kobold hits you.
You die...

.≈ P≈≈
≈≈≈#################
≈≈≈≈≈≈≈≈≈≈≈≈≈≈≈≈≈≈≈#
≈≈≈≈≈≈≈≈≈≈≈≈≈≈≈≈≈≈≈#
≈≈≈≈≈≈≈≈≈≈≈≈≈≈≈≈≈≈≈#
#######≈≈########'###
.....≈P≈≈P@#.!!.#...#
.....≈≈≈sKKK..∩.#.∩.#
...........'!..[#.∩.#
...P.......#....#####
.........########
#.P...##.# ###### ###


You could see 2 big kobolds, a giant cockroach and a kobold.

Vanquished Creatures
  The ghost of Sychopol the Covered, an average DDFi (D:3)
  A worker ant (D:3)
  Robin (D:3)
  3 adders
  A river rat (D:4)
  3 giant geckos
  An orc (D:3)
  6 ball pythons
  9 bats
  4 giant cockroaches
  16 hobgoblins
  7 jackals
  A giant newt (D:2)
  16 goblins
  10 kobolds
  10 rats
90 creatures vanquished.

Notes
Turn   | Place    | Note
--------------------------------------------------------------
     0 | D:1      | Psiweapon the Ogre Hunter began the quest for the Orb.
     0 | D:1      | Reached XP level 1. HP: 22/22 MP: 1/1
    83 | D:1      | Reached XP level 2. HP: 14/29 MP: 2/2
  1065 | D:1      | Reached skill level 1 in Maces & Flails
  1252 | D:1      | Reached XP level 3. HP: 33/36 MP: 3/3
  1313 | D:1      | Reached skill level 1 in Armour
  1831 | D:2      | Found a shadowy altar of Dithmenos.
  2010 | D:2      | Reached XP level 4. HP: 42/44 MP: 4/4
  3360 | D:3      | Noticed Sychopol's ghost (average DDFi)
  3393 | D:3      | Killed Sychopol's ghost
  3393 | D:3      | Reached XP level 5. HP: 4/50 MP: 5/5
  3612 | D:3      | Noticed Robin
  3631 | D:3      | Killed Robin
  3863 | D:3      | Reached XP level 6. HP: 34/59 MP: 6/6
  4139 | D:3      | Found a deep blue altar of Sif Muna.
  4259 | D:4      | Found a glowing drain.
  4314 | Sewer    | Entered a sewer
  4586 | Sewer    | Slain by a kobold

Vault maps used:
D:1:      grunt_arrival_crossed_arrows
D:2:      serial_bayou, serial_bayou_shore_b, serial_bayou_pond_b,
          serial_bayou_ford_a, serial_bayou_lake_a, first_bread, st_stairs_8,
          nicolae_dithmenos_shadow_blocks
D:3:      nicolae_overflow_hidden_temple, kennysheep_flooded_box, uniq_robin
D:4:      kiku_gazebo_garden_becter, gammafunk_temple_overflow_forgotten,
          portal_sewer_entry_b
Sewer:    kennysheep_pipe_town

Action                   |  1- 3 |  4- 6 || total
-------------------------+-------+-------++-------
Melee: Short sword       |    17 |       ||    17
       Whip              |    79 |       ||    79
       Dagger            |    53 |    31 ||    84
       Flail             |       |   113 ||   113
Throw: Stone             |     7 |    29 ||    36
       Large rock        |     4 |    14 ||    18
  Use: Scroll            |     2 |       ||     2
       Potion            |       |     2 ||     2
 Stab: Sleeping          |       |     1 ||     1
  Eat: Chunk             |     3 |     4 ||     7
       Bread ration      |       |     1 ||     1
